[ AOE2 MATCH · #504674797 ]
UnrankedVietnamese vs Japanese
Player's team · LOSS
Rival team · WIN
[ REPLAY ANALYSIS · EXTRACTED FROM THE RECORDED GAME ]
Feudal
9:15
Castle
22:33
Imperial
—
| APM avg | 36.3 |
| APM peak | 86 |
| eAPM avg | 19.5 |
| Villagers / military | 80 / 101 |
Focus
⚔️ 28.0% · 🌾 72.0%
Skirmisher ×76 · Scorpion ×12 · Battering Ram ×5 · Mangonel ×3 · Spearman ×3 · Archer ×2
Feudal
10:00
Castle
23:05
Imperial
—
| APM avg | 30.4 |
| APM peak | 63 |
| eAPM avg | 18.8 |
| Villagers / military | 99 / 38 |
Focus
⚔️ 27.2% · 🌾 72.8%
Militia ×25 · Knight ×6 · Monk ×3 · Battering Ram ×3 · Skirmisher ×1
Match map
Initial resources + every placement click. Lines = walls · curves = elevation contours. ◆ gold · ⬟ stone · ● berries · ✦ relic · ◌ wall gap
Your base· Open — opponent sealed themselves in
ACcloud14's base· ✓ Closed at 23:05 · 8t walls · no gate
Smoothed initial terrain · ◌ = detected wall gap · hover for details
Inputs per minute
— zsteele99 - - ACcloud14
Build order — zsteele99
First 150 of 221 actions detected
| 0:00 | Queue | Villager (Male) |
| 0:00 | Queue | Villager (Male) |
| 0:01 | Queue | Villager (Male) |
| 0:01 | Queue | Villager (Male) |
| 0:01 | Queue | Villager (Male) |
| 0:01 | Queue | Villager (Male) |
| 0:03 | Build | House |
| 0:04 | Build | House |
| 1:35 | Queue | Villager (Male) |
| 1:35 | Queue | Villager (Male) |
| 1:43 | Build | Lumber Camp |
| 2:03 | Queue | Villager (Male) |
| 2:04 | Queue | Villager (Male) |
| 2:16 | Build | House |
| 2:21 | Build | Palisade Wall |
| 2:23 | Queue | Villager (Male) |
| 2:23 | Queue | Villager (Male) |
| 2:51 | Queue | Villager (Male) |
| 2:51 | Queue | Villager (Male) |
| 2:51 | Queue | Villager (Male) |
| 3:15 | Queue | Villager (Male) |
| 3:15 | Queue | Villager (Male) |
| 3:38 | Queue | Villager (Male) |
| 4:08 | Queue | Villager (Male) |
| 4:08 | Queue | Villager (Male) |
| 4:27 | Queue | Villager (Male) |
| 4:28 | Queue | Villager (Male) |
| 4:40 | Build | Mill |
| 5:12 | Queue | Villager (Male) |
| 5:12 | Queue | Villager (Male) |
| 5:32 | Queue | Villager (Male) |
| 5:44 | Research | Loom |
| 6:28 | Build | House |
| 6:38 | Build | Palisade Wall |
| 6:56 | Research | Feudal Age |
| 8:01 | Build | Barracks |
| 8:41 | Queue | Villager (Male) |
| 9:07 | Queue | Villager (Male) |
| 9:15 | Age | Feudal Age |
| 9:20 | Build | Archery Range |
| 9:21 | Build | House |
| 9:25 | Research | Double-Bit Axe |
| 9:28 | Queue | Spearman |
| 9:33 | Queue | Villager (Male) |
| 9:43 | Build | Mining Camp |
| 9:48 | Build | House |
| 9:53 | Build | Palisade Wall |
| 10:00 | Queue | Villager (Male) |
| 10:08 | Queue | Archer |
| 10:09 | Queue | Villager (Male) |
| 10:23 | Build | House |
| 10:29 | Build | House |
| 10:33 | Build | Palisade Wall |
| 10:34 | Queue | Villager (Male) |
| 10:43 | Build | House |
| 10:45 | Build | House |
| 11:22 | Build | Farm |
| 11:25 | Research | Horse Collar |
| 11:27 | Build | Farm |
| 11:36 | Queue | Archer |
| 11:44 | Build | Blacksmith |
| 11:50 | Queue | Villager (Male) |
| 11:53 | Build | Farm |
| 12:03 | Build | Farm |
| 12:13 | Queue | Villager (Male) |
| 12:30 | Build | Farm |
| 12:31 | Queue | Villager (Male) |
| 12:33 | Build | Farm |
| 12:48 | Queue | Villager (Male) |
| 13:08 | Build | House |
| 13:11 | Queue | Villager (Male) |
| 13:25 | Build | Stable |
| 13:31 | Build | Palisade Wall |
| 13:45 | Build | Palisade Wall |
| 13:56 | Queue | Villager (Male) |
| 14:13 | Build | Lumber Camp |
| 14:31 | Build | Watch Tower |
| 14:32 | Queue | Villager (Male) |
| 14:53 | Queue | Villager (Male) |
| 15:01 | Build | Farm |
| 15:01 | Build | Farm |
| 15:02 | Build | Farm |
| 15:03 | Queue | Villager (Male) |
| 15:13 | Build | Farm |
| 15:20 | Build | House |
| 15:21 | Build | House |
| 15:24 | Queue | Villager (Male) |
| 15:28 | Build | House |
| 15:29 | Build | House |
| 15:34 | Build | Stone Wall |
| 15:35 | Build | Stone Wall |
| 15:41 | Queue | Villager (Male) |
| 15:44 | Build | Farm |
| 15:46 | Build | Farm |
| 15:50 | Build | Farm |
| 16:16 | Build | Market |
| 16:28 | Build | Market |
| 16:37 | Build | House |
| 16:43 | Build | Palisade Wall |
| 16:46 | Queue | Villager (Male) |
| 16:52 | Queue | Villager (Male) |
| 16:56 | Build | Farm |
| 16:56 | Build | Farm |
| 16:56 | Build | Farm |
| 16:56 | Build | Farm |
| 16:57 | Build | Farm |
| 16:58 | Queue | Villager (Male) |
| 17:15 | Queue | Villager (Male) |
| 17:24 | Queue | Villager (Male) |
| 17:27 | Build | Farm |
| 17:30 | Research | Wheelbarrow |
| 17:36 | Build | Farm |
| 17:39 | Build | Farm |
| 17:40 | Build | Farm |
| 17:53 | Build | Stone Wall |
| 18:23 | Queue | Villager (Male) |
| 19:02 | Queue | Villager (Male) |
| 19:28 | Queue | Villager (Male) |
| 19:48 | Research | Castle Age |
| 21:21 | Queue | Villager (Male) |
| 22:33 | Age | Castle Age |
| 22:35 | Build | Siege Workshop |
| 22:41 | Build | Siege Workshop |
| 22:48 | Research | Hand Cart |
| 22:50 | Research | Bow Saw |
| 22:51 | Research | Heavy Plow |
| 23:09 | Queue | Villager (Male) |
| 23:13 | Build | Archery Range |
| 23:13 | Queue | Spearman |
| 23:14 | Queue | Spearman |
| 23:21 | Queue | Mangonel |
| 23:21 | Queue | Mangonel |
| 23:31 | Build | Archery Range |
| 23:34 | Research | Fletching |
| 23:35 | Research | Padded Archer Armor |
| 23:47 | Queue | Villager (Male) |
| 24:02 | Research | Padded Archer Armor |
| 24:13 | Build | University |
| 24:19 | Queue | Villager (Male) |
| 24:22 | Research | Elite Skirmisher (upgrade) |
| 24:23 | Queue | Skirmisher ×3 |
| 24:25 | Queue | Villager (Male) |
| 24:43 | Queue | Mangonel |
| 25:03 | Queue | Skirmisher ×5 |
| 25:18 | Queue | Villager (Male) |
| 25:18 | Queue | Villager (Male) |
| 25:28 | Research | Ballistics |
| 25:31 | Build | Farm |
| 25:36 | Queue | Skirmisher |
| 25:36 | Queue | Skirmisher |
Build order — ACcloud14
First 150 of 262 actions detected
| 0:01 | Queue | Villager (Male) |
| 0:01 | Queue | Villager (Male) |
| 0:02 | Build | House |
| 0:04 | Build | House |
| 0:24 | Queue | Villager (Male) |
| 0:25 | Queue | Villager (Male) |
| 0:25 | Queue | Villager (Male) |
| 1:31 | Queue | Villager (Male) |
| 2:08 | Queue | Villager (Male) |
| 2:29 | Queue | Villager (Male) |
| 2:48 | Build | Lumber Camp |
| 2:59 | Queue | Villager (Male) |
| 3:00 | Queue | Villager (Male) |
| 3:17 | Build | House |
| 3:30 | Queue | Villager (Male) |
| 3:49 | Queue | Villager (Male) |
| 4:34 | Queue | Villager (Male) |
| 5:11 | Queue | Villager (Male) |
| 5:16 | Build | Mill |
| 5:28 | Build | House |
| 5:32 | Queue | Villager (Male) |
| 5:40 | Build | Mill |
| 6:04 | Queue | Villager (Male) |
| 6:25 | Queue | Villager (Male) |
| 6:50 | Queue | Villager (Male) |
| 6:57 | Build | Barracks |
| 7:12 | Research | Loom |
| 7:50 | Research | Feudal Age |
| 7:59 | Build | House |
| 8:01 | Queue | Militia |
| 8:37 | Build | Mining Camp |
| 8:39 | Queue | Militia |
| 8:46 | Build | Palisade Wall |
| 8:54 | Queue | Villager (Male) |
| 9:20 | Queue | Militia |
| 9:34 | Queue | Villager (Male) |
| 9:49 | Queue | Militia |
| 9:51 | Queue | Villager (Male) |
| 10:00 | Age | Feudal Age |
| 10:06 | Queue | Villager (Male) |
| 10:18 | Research | Man-at-Arms (upgrade) |
| 10:24 | Build | Blacksmith |
| 10:46 | Build | House |
| 11:05 | Queue | Villager (Male) |
| 11:27 | Research | Scale Mail Armor |
| 11:32 | Queue | Militia |
| 11:36 | Research | Arson |
| 11:39 | Queue | Villager (Male) |
| 11:43 | Build | Farm |
| 11:47 | Research | Horse Collar |
| 12:21 | Build | Farm |
| 12:23 | Build | Farm |
| 12:34 | Build | Farm |
| 12:34 | Queue | Villager (Male) |
| 12:43 | Build | House |
| 12:49 | Build | House |
| 13:06 | Build | Farm |
| 13:07 | Queue | Villager (Male) |
| 13:12 | Build | Palisade Wall |
| 13:21 | Build | Watch Tower |
| 13:29 | Build | Watch Tower |
| 13:33 | Queue | Villager (Male) |
| 13:36 | Build | Farm |
| 13:52 | Queue | Villager (Male) |
| 14:00 | Build | House |
| 14:02 | Build | Palisade Wall |
| 14:23 | Build | Mining Camp |
| 14:24 | Queue | Villager (Male) |
| 14:50 | Build | Market |
| 14:57 | Queue | Villager (Male) |
| 14:59 | Queue | Militia |
| 15:07 | Build | House |
| 15:11 | Queue | Villager (Male) |
| 15:25 | Queue | Militia |
| 15:42 | Build | Watch Tower |
| 15:58 | Queue | Villager (Male) |
| 15:59 | Queue | Villager (Male) |
| 16:19 | Build | Farm |
| 16:22 | Build | Farm |
| 16:23 | Build | Farm |
| 16:25 | Build | Farm |
| 16:26 | Build | Farm |
| 16:30 | Queue | Villager (Male) |
| 16:41 | Build | Farm |
| 16:58 | Research | Fletching |
| 17:02 | Build | Farm |
| 17:04 | Queue | Villager (Male) |
| 17:07 | Research | Double-Bit Axe |
| 17:24 | Queue | Villager (Male) |
| 17:50 | Queue | Villager (Male) |
| 17:56 | Build | House |
| 17:57 | Build | House |
| 17:58 | Build | House |
| 18:59 | Queue | Villager (Male) |
| 19:00 | Queue | Villager (Male) |
| 19:03 | Build | Farm |
| 19:04 | Build | Farm |
| 19:05 | Build | Farm |
| 19:06 | Build | Farm |
| 19:07 | Build | Farm |
| 19:20 | Build | Farm |
| 19:21 | Build | Farm |
| 19:23 | Build | Farm |
| 19:24 | Build | Farm |
| 19:37 | Build | Lumber Camp |
| 19:38 | Queue | Villager (Male) |
| 19:51 | Queue | Villager (Male) |
| 20:01 | Build | Farm |
| 20:25 | Research | Castle Age |
| 20:50 | Build | Archery Range |
| 20:56 | Queue | Militia |
| 21:01 | Research | Padded Archer Armor |
| 21:04 | Research | Forging |
| 21:08 | Build | House |
| 21:15 | Research | Gold Mining |
| 21:23 | Build | Mining Camp |
| 21:30 | Queue | Militia |
| 21:41 | Queue | Militia |
| 21:51 | Queue | Skirmisher |
| 21:52 | Queue | Villager (Male) |
| 21:56 | Build | Barracks |
| 22:15 | Queue | Villager (Male) |
| 22:29 | Research | Wheelbarrow |
| 22:35 | Research | Stone Mining |
| 22:53 | Queue | Militia |
| 22:57 | Queue | Militia |
| 23:05 | Age | Castle Age |
| 23:16 | Research | Long Swordsman (upgrade) |
| 23:16 | Research | Gambesons |
| 23:17 | Research | Squires |
| 23:23 | Queue | Militia |
| 23:36 | Queue | Villager (Male) |
| 23:43 | Build | Town Center |
| 23:53 | Queue | Militia |
| 24:02 | Research | Chain Mail Armor |
| 24:24 | Queue | Militia |
| 24:26 | Queue | Villager (Male) |
| 24:46 | Queue | Villager (Male) |
| 24:58 | Queue | Villager (Male) |
| 25:24 | Queue | Villager (Male) |
| 25:26 | Build | Farm |
| 25:31 | Queue | Villager (Male) |
| 25:32 | Queue | Villager (Male) |
| 25:34 | Queue | Militia |
| 25:34 | Queue | Militia |
| 25:36 | Queue | Militia |
| 25:37 | Queue | Militia |
| 25:51 | Queue | Militia |
| 25:55 | Queue | Militia |
| 26:13 | Build | Siege Workshop |
Match timeline
| 2:21 | zsteele99 · wall_segment Palisade Wall x1 |
| 6:38 | zsteele99 · wall_segment Palisade Wall x2 |
| 6:57 | ACcloud14 · first_building Barracks |
| 8:01 | zsteele99 · first_building Barracks |
| 8:46 | ACcloud14 · wall_segment Palisade Wall x1 |
| 9:15 | zsteele99 · age_up feudal |
| 9:20 | zsteele99 · first_building Archery Range |
| 9:53 | zsteele99 · wall_segment Palisade Wall x6 |
| 10:00 | ACcloud14 · age_up feudal |
| 10:33 | zsteele99 · wall_segment Palisade Wall x3 |
| 13:12 | ACcloud14 · wall_segment Palisade Wall x6 |
| 13:25 | zsteele99 · first_building Stable |
| 13:31 | zsteele99 · wall_segment Palisade Wall x16 |
| 13:45 | zsteele99 · wall_segment Palisade Wall x12 |
| 14:02 | ACcloud14 · wall_segment Palisade Wall x1 |
| 15:30 | ACcloud14 · first_market_buy 100 food |
| 15:34 | zsteele99 · wall_segment Stone Wall x1 |
| 15:35 | zsteele99 · wall_segment Stone Wall x1 |
| 16:43 | zsteele99 · wall_segment Palisade Wall x6 |
| 17:53 | zsteele99 · wall_segment Stone Wall x6 |
| 19:44 | zsteele99 · first_market_sell 100 wood |
| 19:46 | zsteele99 · first_market_buy 100 food |
| 20:50 | ACcloud14 · first_building Archery Range |
| 22:33 | zsteele99 · age_up castle |
| 22:35 | zsteele99 · first_building Siege Workshop |
| 23:05 | ACcloud14 · age_up castle |
| 26:13 | ACcloud14 · first_building Siege Workshop |
| 27:05 | ACcloud14 · first_building Monastery |
| 28:04 | ACcloud14 · first_market_sell 100 food |
| 32:27 | ACcloud14 · first_building Castle |
| 34:31 | ACcloud14 · first_building Stable |
| 37:00 | zsteele99 · resign |
[ AI ANALYSIS · 1 CREDIT ]
What really happened in this match?
Wolo.gg analyzes every decision: build order, eco, micro, common mistakes by bracket. Personalized analysis on WhatsApp or Discord in 30 seconds.
Civ guide
Vietnamese
Perfil
Jugador #21466103